 Dungeon Crawl Stone Soup version 0.27-a0-1456-gf5a116941d (webtiles) character file.

Game seed: 3688396581549549708

7037 pyrow613 the Slinger (level 10, 0/88 HPs)
             Began as a Grey Draconian Fighter on July 6, 2021.
             Was a High Priest of Sif Muna.
             Slain by a meliai simulacrum (6 damage)
             ... on level 10 of the Dungeon.
             The game lasted 00:24:36 (10181 turns).

pyrow613 the Slinger (Grey Draconian Fighter)      Turns: 10181, Time: 00:24:36

Health: 0/88       AC: 16    Str: 12 (14) XL:     10   Next: 83%
Magic:  10/10      EV: 10    Int: 13 (14) God:    Sif Muna [*****.]
Gold:   400        SH: 14    Dex: 10 (12) Spells: 9/9 levels left

rFire    . . .     SeeInvis .   b - +5 hunting sling of Stickiness {flame, rElec Str-5 Int+4}
rCold    . . .     Faith    .   q - +0 kite shield
rNeg     . . .     Spirit   .   (armour unavailable)
rPois    .         Reflect  +   y - +1 hat
rElec    +         Harm     .   H - +1 cloak
rCorr    .         Rampage  .   (no gloves)
Will     +....                  G - +0 pair of boots
Stlth    +.........             w - amulet of reflection
HPRegen  0.24/turn              L - ring of willpower
MPRegen  0.12/turn              M - +4 ring of slaying

@: mighty, slowed, very slow
A: AC +12, amphibious, unfitting armour, cold-blooded
a: Renounce Religion, Channel Magic, Forget Spell, Divine Exegesis


You were on level 10 of the Dungeon.
You worshipped Sif Muna.
Sif Muna was extremely pleased with you.
You visited 1 branch of the dungeon, and saw 10 of its levels.
You also visited: Sewer.

You collected 624 gold pieces.
You spent 224 gold pieces at shops.

Inventory:

Hand Weapons
 a - a +0 long sword
 b - the +5 hunting sling of Stickiness (weapon) {flame, rElec Str-5 Int+4}
   (You found it on level 4 of the Dungeon)

   It causes projectiles fired from it to burn those they strike, causing extra
   injury to most foes and up to half again as much damage against particularly
   susceptible opponents.
   Str:       It affects your strength (-5).
   Int:       It affects your intelligence (+4).
   rElec:     It insulates you from electricity.
 h - a +2 short sword of holy wrath
 F - the +3 war axe of the Mushroom {flame, +Blink}
   (You found it on level 6 of the Dungeon)

   It has been specially enchanted to burn those struck by it, causing extra
   injury to most foes and up to half again as much damage against particularly
   susceptible opponents.
   Big, fiery blades are also staple armaments of hydra-hunters.
   +Blink:    It lets you blink.
Missiles
 j - 374 stones (quivered ammo)
 k - 80 sling bullets
 A - 8 throwing nets
 D - 2 curare-tipped darts
Armour
 q - a +0 kite shield (worn)
 y - a +1 hat (worn)
 G - a +0 pair of boots (worn)
 H - a +1 cloak (worn)
 O - a +0 tower shield
Jewellery
 e - a ring of see invisible
 n - a ring of resist corrosion
 w - an amulet of reflection (around neck)
 L - a ring of willpower (left hand)
 M - a +4 ring of slaying (right hand)
Wands
 B - a wand of iceblast (15)
 K - a wand of digging (6)
 R - a wand of mindburst (14)
Scrolls
 d - 4 scrolls of noise
 f - 4 scrolls of identify {unknown}
 m - a scroll of enchant weapon {unknown}
 p - 3 scrolls of teleportation {unknown}
 t - 3 scrolls of immolation {unknown}
 C - 4 scrolls of vulnerability {unknown}
 E - 2 scrolls of fear {unknown}
 I - a scroll of silence {unknown}
 N - a scroll of fog {unknown}
 P - a scroll of amnesia {unknown}
Potions
 c - a potion of might
 g - 4 potions of degeneration
 i - 2 potions of curing {unknown}
 l - 2 potions of berserk rage {unknown}
 o - 4 potions of invisibility {unknown}
 r - 2 potions of flight {unknown}
 s - 4 potions of heal wounds {unknown}
 u - a potion of magic {unknown}
 v - a potion of lignification {unknown}
 x - 2 potions of haste {unknown}
 z - 2 potions of attraction {unknown}
 J - a potion of ambrosia {unknown}
 Q - a potion of mutation {unknown}


   Skills:
 + Level 8.1 Fighting
 - Level 4.5 Long Blades
 - Level 12.0 Slings
 - Level 2.6 Dodging
 + Level 6.9 Shields


You had 9 spell levels left.
You didn't know any spells.
Your spell library contained the following spells:

 Spells                   Type           Power      Damage    Failure   Level
 Magic Dart               Conj           0%         1d3       65%         1
 Shock                    Conj/Air       0%         1d3       65%         1
 Summon Small Mammal      Summ           0%         N/A       65%         1
 Blink                    Tloc           N/A        N/A       78%         2
 Ensorcelled Hibernation  Hex/Ice        0%         N/A       78%         2
 Call Canine Familiar     Summ           0%         N/A       95%         3
 Lesser Beckoning         Tloc           0%         N/A       95%         3
 Portal Projectile        Hex/Tloc       0%         N/A       95%         3
 Spider Form              Tmut/Pois      0%         N/A       95%         3
 Summon Guardian Golem    Hex/Summ       0%         N/A       95%         3
 Airstrike                Air            0%         N/A       100%        4
 Hailstorm                Conj/Ice       0%         3d3       100%        4
 Summon Lightning Spire   Summ/Air       0%         N/A       100%        4
 Blade Hands              Tmut           0%         N/A       100%        5
 Excruciating Wounds      Necr           0%         N/A       100%        5
 Freezing Cloud           Conj/Ice/Air   0%         6-21      100%        5
 Irradiate                Conj/Tmut      0%         3d13      100%        5
 Lightning Bolt           Conj/Air       0%         1d11      100%        5
 Manifold Assault         Tloc           0%         N/A       100%        5
 Summon Forest            Summ/Tloc      0%         N/A       100%        5
 Eringya's Noxious Bog    Tmut/Pois      0%         N/A       100%        6
 Shadow Creatures         Summ           N/A        N/A       100%        6
 Summon Hydra             Summ           0%         N/A       100%        7


Dungeon Overview and Level Annotations

Branches:
Dungeon (10/15)            Temple (0/1) D:4             Orc (0/2) D:9
  Sewer (visited)
   Lair: D:8-11

Altars:
Gozag
Kikubaaqudgha
Qazlal
Sif Muna
Xom

Shops:
D:2 *   D:6 [*


Innate Abilities, Weirdness & Mutations

Your dull iron-grey scales are very hard. (AC +12)
You are amphibious.
You cannot fit into any form of body armour.
You are cold-blooded and may be slowed by cold attacks.


Message History

Unknown command.
You shoot a stone. The stone hits the meliai simulacrum!
The stone melts the meliai simulacrum.
The meliai simulacrum is heavily damaged.
You feel yourself speed up.
You block the meliai simulacrum's attack.
The meliai simulacrum hits you. The meliai simulacrum freezes you!
You feel yourself slow down.
The meliai simulacrum barely misses you.
The meliai simulacrum hits you but does no damage.
You shoot a stone.
The stone closely misses the meliai simulacrum.
The meliai simulacrum completely misses you.
The meliai simulacrum hits you. The meliai simulacrum freezes you!
You feel as though you will be slow longer.
The meliai simulacrum hits you. The meliai simulacrum freezes you!
You feel as though you will be slow longer.
* * * LOW HITPOINT WARNING * * *
The meliai simulacrum barely misses you.
Okay, then.
Okay, then.
You block the meliai simulacrum's attack.
The meliai simulacrum hits you but does no damage. x2
You block the meliai simulacrum's attack.
You feel very mighty all of a sudden.
You block the meliai simulacrum's attack.
The meliai simulacrum barely misses you.
The meliai simulacrum hits you but does no damage.
You block the meliai simulacrum's attack.
The meliai simulacrum hits you but does no damage.
The meliai simulacrum hits you.
* * * LOW HITPOINT WARNING * * *
The meliai simulacrum freezes you!
* * * LOW HITPOINT WARNING * * *
Unknown command.
It was a potion of degeneration.
There was something very wrong with that liquid.
You feel weakened.
You feel dopey.
You feel clumsy. The meliai simulacrum hits you.
You die...

#. .≈≈ ##.######## .≈
##.........# ..
##.....####.#### . .
..... #≈≈..≈≈≈# .#
(≈( #...
#≈≈...≈≈##(#.≈≈.
#..###...§§§.#(....≈.
#........§§.@ZZ..((≈(
##...#≈..§...##.#...≈
#†###≈....≈≈# # ≈
#.###≈≈..≈≈≈#
#...####.#### #..##
#.# ######..# #.#
........# ######..#


You could see a centaur warrior simulacrum and a meliai simulacrum.

Vanquished Creatures
  Harold (D:9)
  A two-headed ogre (D:9)
  A troll (D:9)
  A polar bear (D:10)
  A hornet (D:9)
  A centaur simulacrum (D:10)
  A shadow (D:9)
  Menkaure (D:4)
  An acid dragon (D:9)
  3 water moccasins (D:6)
  4 orc warriors
  A meliai simulacrum (D:10)
  4 ice beasts
  A black bear (D:4)
  2 sky beasts (D:6)
  A necrophage (D:6)
  2 ogres
  A wolf (D:10)
  3 phantoms
  A centaur (D:6)
  5 kobold brigands
  2 scorpions
  3 bullfrogs
  3 gnoll sergeants
  2 water moccasin zombies (D:5)
  6 killer bees (D:9)
  An electric eel (D:10)
  4 hounds
  3 orc priests
  A centaur zombie (D:9)
  4 gnoll shamans
  A bullfrog skeleton (D:7)
  2 centaur skeletons
  Natasha (thrice) (D:3)
  Terence (D:3)
  3 iguanas
  6 orc wizards
  A killer bee zombie (D:6)
  24 gnolls
  6 adders
  2 river rats (Sewer)
  3 shadow imps
  4 white imps
  An ufetubus (D:6)
  An adder skeleton (D:5)
  4 dart slugs
  25 orcs
  10 endoplasms
  3 giant cockroaches
  9 goblins
  19 hobgoblins
  5 jackals
  7 quokkas
  10 ball pythons
  3 bats
  3 frilled lizards
  23 kobolds
  A quokka skeleton (D:4)
  9 rats
255 creatures vanquished.

Vanquished Creatures (others)
  A hound (D:6)
  37 plants (D:6)
38 creatures vanquished.

Grand Total: 293 creatures vanquished

Notes
Turn   | Place    | Note
-------+----------+-------------------------------------------
     0 | D:1      | pyrow613 the Draconian Fighter began the quest for the Orb.
     0 | D:1      | Reached XP level 1. HP: 19/19 MP: 1/1
     6 | D:1      | Noticed a swamp drake
     7 | D:1      | Noticed a snapping turtle
   234 | D:1      | Reached XP level 2. HP: 26/26 MP: 2/2
   371 | D:1      | Found a faded altar of an unknown god.
   379 | D:1      | Became a worshipper of Sif Muna the Loreminder
   379 | D:1      | Reached * piety under Sif Muna
  1139 | D:1      | Reached XP level 3. HP: 26/33 MP: 3/3
  1826 | D:2      | You fall into a shaft and drop 2 floors!
  1844 | D:4      | Noticed Menkaure
  1923 | D:4      | Reached ** piety under Sif Muna
  1937 | D:4      | Found a staircase to the Ecumenical Temple.
  1988 | D:4      | Noticed a black bear
  1999 | D:4      | Killed a black bear
  2000 | D:4      | Reached XP level 4. HP: 21/41 MP: 4/4
  2007 | D:4      | Reached XP level 5. HP: 24/47 MP: 5/5
  2182 | D:4      | Reached skill level 5 in Fighting
  2225 | D:4      | Identified the +5 hunting sling of Stickiness {flame, rElec
                  | Str-5 Int+4}
  2312 | D:3      | Found a glowing drain.
  2324 | Sewer    | Entered a sewer
  2478 | Sewer    | Reached skill level 1 in Slings
  2478 | Sewer    | Reached XP level 6. HP: 39/56 MP: 6/6
  2637 | Sewer    | Found a white marble altar of Elyvilon.
  2773 | D:3      | Noticed Natasha
  2776 | D:3      | Killed Natasha
  2945 | D:3      | Noticed Natasha
  2948 | D:3      | Killed Natasha
  3128 | D:3      | Noticed Natasha
  3134 | D:3      | Killed Natasha
  3196 | D:3      | Noticed Terence
  3201 | D:3      | Killed Terence
  3659 | D:2      | Reached skill level 2 in Slings
  3817 | D:2      | Reached *** piety under Sif Muna
  3903 | D:2      | Found Lonnaz's Assorted Antiques.
  4234 | D:4      | Your scales start taking on a dull iron-grey colour.
  4234 | D:4      | Reached XP level 7. HP: 47/61 MP: 7/7
  4459 | D:4      | Reached skill level 3 in Slings
  4651 | D:4      | Killed Menkaure
  4652 | D:4      | Reached skill level 4 in Slings
  4718 | D:5      | Entered Level 5 of the Dungeon
  4858 | D:5      | Reached skill level 5 in Slings
  5357 | D:5      | Reached skill level 6 in Slings
  5357 | D:5      | Reached XP level 8. HP: 69/69 MP: 8/8
  5539 | D:6      | Reached **** piety under Sif Muna
  5617 | D:6      | Reached skill level 7 in Slings
  5908 | D:6      | Reached skill level 8 in Slings
  5987 | D:6      | Found Bayxzoth's Armour Shop.
  6203 | D:6      | Identified the +3 war axe of the Mushroom {flame, +Blink}
  6258 | D:6      | Bought a +0 pair of boots for 63 gold pieces
  6258 | D:6      | Bought a +1 cloak for 161 gold pieces
  6434 | D:6      | Reached skill level 9 in Slings
  6434 | D:6      | Reached XP level 9. HP: 74/74 MP: 9/9
  6491 | D:6      | Found a stormy altar of Qazlal.
  6491 | D:6      | Found an ancient bone altar of Kikubaaqudgha.
  6700 | D:6      | Found Goufymol's Serpentskin Sales.
  6885 | D:6      | Reached skill level 10 in Slings
  6939 | D:6      | Reached ***** piety under Sif Muna
  8318 | D:8      | Found an opulent altar of Gozag.
  8700 | D:8      | Reached skill level 11 in Slings
  9139 | D:9      | Found a shimmering altar of Xom.
  9168 | D:9      | Reached XP level 10. HP: 81/81 MP: 10/10
  9222 | D:9      | Noticed a two-headed ogre
  9234 | D:9      | Killed a two-headed ogre
  9235 | D:9      | Reached skill level 12 in Slings
  9315 | D:9      | Received a gift from Sif Muna
  9316 | D:9      | Got Sif Muna's Papyrus of Analysis {god gift}
  9398 | D:9      | Found a staircase to the Orcish Mines.
  9409 | D:9      | Reached skill level 5 in Shields
  9717 | D:9      | Noticed Harold
  9734 | D:9      | Killed Harold
  9999 | D:10     | Entered Level 10 of the Dungeon
 10181 | D:10     | Slain by a meliai simulacrum

Illustrated notes

Levels and vault maps discovered:
D:1:      onia_arrival_zoo_common, layout_basic, serial_corexii_hall,
          corexii_hall_statues_deadend, corexii_hall_statues_i,
          corexii_hall_statues_l, corexii_hall_statues_deadend,
          chequers_hall_statues_y, corexii_hall_statues_l,
          basic_ecumenical_altar, minivault_5
D:2:      layout_basic, serial_shops, shop, hangedman_decor_growths,
          minivault_4, serial_park_tiny_1, minmay_hexomino_f4
D:3:      layout_loops_ring, portal_sewer_entry_d, minmay_distorted,
          uniq_terence, uniq_natasha
D:4:      layout_loops_ring, minmay_temple_entry_overgrown, uniq_menkaure
D:5:      layout_gridville, st_stairs_9
D:6:      kennysheep_housing_project, layout_gridville,
          gammafunk_temple_overflow_wave, serial_shops, nicolae_shop_crystal,
          guppyfry_shop_venom
D:7:      layout_basic
D:8:      layout_basic, grunt_gozag_breadcrumbs
D:9:      layout_small_grid, kennysheep_mini_moat, orc_0_dummy, uniq_harold
D:10:     layout_loops_corners, kennysheep_mini,
          nicolae_sif_muna_little_library, serial_ice, serial_ice_c,
          serial_ice_b, serial_ice_i, serial_ice_o, serial_ice_e, serial_ice_m,
          serial_ice_h, serial_ice_d

Skill      XL: |  1  2  3  4  5  6  7  8  9 10 |
---------------+-------------------------------+-----
Fighting       | 4 5 8 |  8.1
Long Blades    | 3 4 |  4.5
Slings         | 1 2 6 9 11 12 | 12.0
Shields        | 4 6 |  6.9
Dodging        | |  2.6

Action                   |  1- 3 |  4- 6 |  7- 9 | 10-12 || total
-------------------------+-------+-------+-------+-------++-------
Melee: Long sword        |    86 |    38 |     6 |       ||   130
       Tailslap          |    12 |     4 |       |       ||    16
       Hunting sling     |       |       |     2 |       ||     2
 Fire: Hunting sling     |       |    93 |   414 |   159 ||   666
 Abil: Evoke Blink       |       |       |     4 |       ||     4
  Use: Scroll            |     1 |       |       |       ||     1
       Potion            |       |     1 |       |     2 ||     3
Armor: Skin              |    23 |    18 |    62 |    15 ||   118
Dodge: Dodged            |    45 |    21 |    52 |    14 ||   132
Block: Kite shield       |    34 |    37 |   120 |    28 ||   219
       Reflection        |       |       |     9 |     4 ||    13
       Rpst.: Long sword |    11 |     3 |       |       ||    14

Table legend: (Time is in decaauts)
 A = Elapsed time spent in this place.
 B = Non-inter-level travel time spent in this place.
 C = Inter-level travel time spent in this place.
 D = Time resting spent in this place.
 E = Time spent auto-exploring this place.
 F = Levels seen in this place.
 G = Mean time per level.
                   A        B        C        D        E       F      G
               +--------+--------+--------+--------+--------+-----+--------+
         Total |  10274 |   9972 |    302 |    798 |   7331 |  11 |  934.0 |
       Dungeon |   9885 |   9583 |    302 |    728 |   7079 |  10 |  988.5 |
         Sewer |    388 |    388 |      0 |     70 |    251 |   1 |  388.0 |
               +--------+--------+--------+--------+--------+-----+--------+

Top non-repeatable levels by time:
     D:1: 1634 daAuts
     D:6: 1528 daAuts
     D:8: 990 daAuts
     D:4: 964 daAuts
     D:2: 953 daAuts
     D:5: 948 daAuts
     D:3: 903 daAuts
     D:7: 899 daAuts
     D:9: 889 daAuts
   Sewer: 388 daAuts
    D:10: 172 daAuts
